 Dungeon Crawl Stone Soup version 0.32-a0-818-gb728d0252e (webtiles) character file.

Game seed: 6607730542034949702

937 Fodor the Chopper (level 7, -2/61 HPs)
             Began as a Minotaur Fighter on Mar 25, 2024.
             Was an Initiate of Gozag.
             Slain by a gnoll sergeant
             ... wielding a +1 trident of venom
              (9 damage)
             ... on level 5 of the Dungeon.
             The game lasted 00:19:43 (3966 turns).

Fodor the Chopper (Minotaur Fighter)                Turns: 3966, Time: 00:19:46

Health: -2/61      AC: 16    Str: 23    XL:     7   Next: 87%
Magic:  6/6        EV:  8    Int:  5    God:    Gozag
Gold:   186        SH:  0    Dex:  9    Spells: 6/6 levels left

rFire   . . .        w - +0 battleaxe
rCold   . . .        (shield currently unavailable)
rNeg    + + .        b - +4 chain mail
rPois   .            (helmet restricted)
rElec   +            (no cloak)
rCorr   .            p - +1 pair of gloves "Ahemmij" {Harm ^Drain rElec rN++}
SInv    .            (no boots)
Will    .....        (no amulet) Stlth
                     j - ring of flight
HPRegen 0.30/turn    (no ring)
MPRegen 0.10/turn

%: harm (+30% outgoing, +20% incoming)
@: lethally poisoned (-2 -> -21), gold aura, flying, invisible
A: horns 2, retaliatory headbutt
a: Renounce Religion, Potion Petition, Call Merchant, Bribe Branch


You were on level 5 of the Dungeon.
You worshipped Gozag.
Gozag was aware of your devotion.
You visited 2 branches of the dungeon, and saw 6 of its levels.

You collected 286 gold pieces.
You spent 10 gold pieces at shops.
You paid 90 gold pieces to Gozag.

Inventory:

Hand Weapons
 w - a +0 battleaxe (weapon)
Armour
 b - a +4 chain mail (worn)
 p - the +1 pair of gloves "Ahemmij" (worn) {Harm ^Drain rElec rN++}
   (You found it on level 3 of the Dungeon)

   rElec:     It insulates you from electricity.
   rN++:      It greatly protects you from negative energy.
   ^Drain:    It drains your maximum health when unequipped.
   Harm:      It increases damage dealt and taken.
Jewellery
 j - a ring of flight (left hand)
Talismans
 a - a beast talisman
Wands
 f - a wand of mindburst (9)
Scrolls
 c - a scroll of fog {unknown}
 e - 2 scrolls of noise
 h - 2 scrolls of revelation {unknown}
 i - a scroll of identify
 k - a scroll of poison {unknown}
 n - 2 scrolls of fear {unknown}
 s - a scroll of teleportation {unknown}
Potions
 d - a potion of might
 l - a potion of resistance {unknown}
 m - a potion of attraction {unknown}
 o - 2 potions of degeneration {unknown}
 q - 2 potions of magic {unknown}
 r - a potion of ambrosia {unknown}
 t - a potion of mutation {unknown}
 u - a potion of berserk rage {unknown}


   Skills:
 + Level 5.4 Fighting
 + Level 7.8 Axes
 + Level 1.0 Throwing
 + Level 6.7 Armour
 + Level 1.7 Dodging
 + Level 0.1 Stealth
 + Level 4.0 Shields
 + Level 0.2 Evocations


You had 6 spell levels left.
You didn't know any spells.
Your spell library contained the following spells:

 Spells                   Type           Power      Damage    Failure   Level
 Call Canine Familiar     Summ           0%         N/A       100%        3
 Sigil of Binding         Hex            0%         N/A       100%        3
 Tukima's Dance           Hex            0%         N/A       100%        3
 Dimensional Bullseye     Hex/Tloc       0%         N/A       100%        4
 Iskenderun's Mystic Bla  Conj/Tloc      0%         2d3       100%        4


Dungeon Overview and Level Annotations

Branches:
Dungeon (5/15)             Temple (1/1) D:5

Altars:
Ashenzari
Cheibriados
Fedhas
Gozag
Hepliaklqana
Kikubaaqudgha
Makhleb
Nemelex Xobeh
Okawaru
Qazlal
Ru
Sif Muna
Vehumet
Wu Jian
Xom
Yredelemnul
Zin
The Shining One
Beogh

Shops:
D:1 :   D:3 =*


Innate Abilities, Weirdness & Mutations

You have a pair of horns on your head.
You reflexively headbutt those who attack you in melee.


Message History

You feel your attacks grow feeble. The gnoll sergeant barely misses you.
You slash the gnoll!
You kill the gnoll!
You feel very sick.
The gnoll bouda barks out a call to the hunt!
The gnoll picks up the pace!
The gnoll sergeant hits you but does no damage.
You are more poisoned.
You feel very sick.
The yak is distracted by your dazzling golden aura.
The gnoll sergeant hits you but does no damage.
You are more poisoned.
Things that are here:
5 gold pieces; a +0 club The yak bellows!
You slash the gnoll sergeant!
The gnoll sergeant is moderately wounded.
You feel extremely sick.
The yak is no longer distracted by gold.
The gnoll sergeant barely misses you.
The yak snorts and paws the ground.
The gnoll sergeant hits you but does no damage.
You are lethally poisoned!
You closely miss the gnoll sergeant.
Your headbutt misses the gnoll sergeant.
The gnoll sergeant is moderately wounded.
Your attacks no longer feel as feeble.
* * * LOW HITPOINT WARNING * * *
You feel extremely sick.
The gnoll sergeant hits you but does no damage.
You are more poisoned.
Okay, then.
It was a potion of invisibility.
You fade into invisibility!
* * * LOW HITPOINT WARNING * * *
You feel very sick.
The gnoll sergeant hits you with a +1 trident of venom!
You die...
Your body crumbles into a pile of gold.

(......>.#............
..#......#.##..#
#.......##.##..#
##......#..#g.##
##............#
..............#
........#.##.Y##
...####...###Yg#####
##.####.#.####Yg@..#
##....#....###.###.#
...................#
#......≈≈≈≈≈.......#
#....≈≈≈≈≈≈≈≈≈.....#
#..≈≈≈≈≈≈≈≈≈≈≈≈≈...#
#.≈≈≈≈≈≈...≈≈≈≈≈≈..#
#.≈≈≈≈≈≈.>.≈≈≈≈≈≈..#
#.≈≈≈≈≈≈...≈≈≈≈≈≈..#


You could see 3 yaks, a gnoll sergeant (swift, unable to see you) and a gnoll
bouda (unable to see you).

Vanquished Creatures
  An ogre (D:5)
  3 phantoms
  2 bombardier beetles
  2 hounds
  A jelly (D:5)
  3 orc priests
  An iguana (D:5)
  An orc wizard (D:4)
  10 gnolls
  6 adders
  3 shadow imps (D:3)
  2 dart slugs
  2 ribbon worms
  13 orcs
  9 ball pythons
  11 endoplasms
  5 giant cockroaches
  25 hobgoblins
  3 quokkas
  2 bats (D:1)
  2 frilled lizards
  25 goblins
  13 kobolds
  6 rats
151 creatures vanquished.

Vanquished Creatures (others)
  A gnoll (D:4)
1 creature vanquished.

Grand Total: 152 creatures vanquished

Notes
Turn   | Place    | Note
-------+----------+-------------------------------------------
     0 | D:1      | Fodor the Minotaur Fighter began the quest for the Orb.
     0 | D:1      | Reached XP level 1. HP: 19/19 MP: 0/0
    58 | D:1      | Found Coqaogub's Book Shop.
   241 | D:1      | Reached XP level 2. HP: 27/27 MP: 1/1
   917 | D:2      | Reached skill level 3 in Axes
   917 | D:2      | Reached XP level 3. HP: 22/33 MP: 2/2
   947 | D:2      | Reached skill level 4 in Axes
   947 | D:2      | Reached XP level 4. HP: 15/40 MP: 3/3
  1159 | D:2      | Found a roughly hewn altar of Beogh.
  1173 | D:2      | Found a faded altar of an unknown god.
  1463 | D:3      | Reached skill level 1 in Dodging
  1576 | D:3      | Found a transporter.
  1593 | D:3      | Reached XP level 5. HP: 46/46 MP: 4/4
  1596 | D:3      | Identified the +1 pair of gloves "Ahemmij" {Harm ^Drain
                  | rElec rN++}
  1642 | D:3      | Reached skill level 5 in Armour
  1719 | D:3      | Found a transporter.
  1749 | D:3      | Found Nufeass's Jewellery Shoppe.
  2003 | D:3      | Found Vuverph's General Store.
  2006 | D:3      | Bought a scroll of noise for 10 gold pieces
  2521 | D:4      | Noticed a phantom
  2542 | D:4      | Killed a phantom
  2543 | D:4      | Reached skill level 5 in Axes
  2543 | D:4      | Reached skill level 1 in Throwing
  2543 | D:4      | Reached XP level 6. HP: 30/53 MP: 5/5
  2857 | D:4      | Reached skill level 6 in Axes
  3022 | D:4      | Reached XP level 7. HP: 59/60 MP: 6/6
  3550 | D:5      | Entered Level 5 of the Dungeon
  3569 | D:5      | Found a basalt altar of Yredelemnul.
  3569 | D:5      | Found a burning altar of Makhleb.
  3573 | D:5      | Reached skill level 5 in Fighting
  3578 | D:5      | Reached skill level 7 in Axes
  3753 | D:5      | Found a broken altar of Ashenzari.
  3854 | D:5      | Found a staircase to the Ecumenical Temple.
  3870 | Temple   | Entered the Ecumenical Temple
  3898 | Temple   | Became a worshipper of Gozag Ym Sagoz the Greedy
  3944 | D:5      | Noticed a yak
  3945 | D:5      | Noticed a yak
  3960 | D:5      | Noticed a yak
  3966 | D:5      | Slain by a gnoll sergeant

Illustrated notes

Levels and vault maps discovered:
D:1:      dpeg_arrival_rhombi, layout_basic, serial_shops, shop,
          serial_bayou_ford_a
D:2:      cheibrodos_helix_gallery, layout_basic,
          hellmonk_ecumenical_altar_defaced_shrine
D:3:      gammafunk_wand_slinger, layout_basic, serial_shops, shop,
          nicolae_shop_behind_doors
D:4:      minmay_goblin_kobold_castle, layout_loops_ring
D:5:      layout_rooms, gammafunk_temple_overflow_forgotten, temple_pool_b,
          columned_hall_lemuel, dreamdust_princess_bridge, nicolae_grassy_gnolls
Temple:   hellmonk_temple_of_storms

Skill      XL: |  1  2  3  4  5  6  7 |
---------------+----------------------+-----
Fighting       | 4 5 |  5.4
Armour         | 4 5 6 |  6.7
Axes           | 3 4 5 6 7 |  7.8
Shields        | 4 |  4.0
Dodging        | 1 |  1.7
Throwing       | 1 |  1.0
Stealth        | |  0.1
Evocations     | |  0.2

Action                     |  1- 3 |  4- 6 |  7- 9 || total
---------------------------+-------+-------+-------++-------
  Melee: War axe           |    60 |       |       ||    60
         Headbutt          |    11 |    23 |    11 ||    45
         Battleaxe         |       |   147 |    73 ||   220
  Throw: Boomerang         |       |    20 |       ||    20
  Evoke: Wand              |       |     3 |       ||     3
    Use: Scroll            |       |     4 |     2 ||     6
         Potion            |       |       |     4 ||     4
 Armour: Scale mail        |    46 |    43 |       ||    89
         Chain mail        |       |   173 |   153 ||   326
  Dodge: Dodged            |    21 |   108 |    75 ||   204
  Block: Buckler           |    16 |       |       ||    16

Table legend: (Time is in decaauts)
 A = Elapsed time spent in this place.
 B = Non-inter-level travel time spent in this place.
 C = Inter-level travel time spent in this place.
 D = Time resting spent in this place.
 E = Time spent auto-exploring this place.
 F = Levels seen in this place.
 G = Mean time per level.
                   A        B        C        D        E       F      G
               +--------+--------+--------+--------+--------+-----+--------+
         Total |   4069 |   4056 |     13 |    291 |   1988 |   6 |  678.2 |
       Dungeon |   4021 |   4008 |     13 |    291 |   1988 |   5 |  804.2 |
        Temple |     47 |     47 |      0 |      0 |      0 |   1 |   47.0 |
               +--------+--------+--------+--------+--------+-----+--------+

Top non-repeatable levels by time:
     D:4: 1286 daAuts
     D:3: 857 daAuts
     D:1: 819 daAuts
     D:2: 678 daAuts
     D:5: 380 daAuts
  Temple: 47 daAuts
